 Seeded DCSS version 0.30.0-19-g36f170ea60 (webtiles) character file.

Game seed: 6351066067085065685 (custom seed)

613 Esekla the Grave Robber (level 7, -3/37 HPs)
             Began as a Deep Elf Necromancer on May 29, 2023.
             Was a Follower of Vehumet.
             Slain by an ogre
             ... wielding a +0 giant club
              (22 damage)
             ... on level 5 of the Dungeon.
             The game lasted 00:22:37 (4126 turns).

Esekla the Grave Robber (Deep Elf Necromancer)      Turns: 4126, Time: 00:22:38

Health: -3/37      AC:  4    Str:  5    XL:     7   Next: 20%
Magic:  14/17      EV: 13    Int: 22    God:    Vehumet [*.....]
Gold:   276        SH:  0    Dex: 15    Spells: 9/17 levels left

rFire   . . .        a - +2 dagger (vamp)
rCold   . . .        (no shield)
rNeg    . . .        c - +0 robe
rPois   .            w - +0 helmet
rElec   .            (no cloak)
rCorr   .            n - +0 pair of gloves
SInv    .            (no boots)
Will    .....        z - amulet of magic regeneration
Stlth   +++          (no ring)
HPRegen 0.26/turn    (no ring)
MPRegen 0.55/turn

%: no passive effects
@: no status effects
A: no striking features
a: Renounce Religion


You were on level 5 of the Dungeon.
You worshipped Vehumet.
Vehumet was aware of your devotion.
You visited 1 branch of the dungeon, and saw 5 of its levels.

You collected 276 gold pieces.

Inventory:

Hand Weapons
 a - a +2 vampiric dagger (weapon)
 q - the +5 rapier of the Hero {heavy, rN+ Dex+3}
   (You found it on level 3 of the Dungeon)

   Dex:       It affects your dexterity (+3).
   rN:        It protects you from negative energy.
 r - a +0 trident
Missiles
 B - 6 poisoned darts (quivered)
Armour
 c - a +0 robe (worn)
 n - a +0 pair of gloves (worn)
 w - a +0 helmet (worn)
Jewellery
 z - an amulet of magic regeneration (around neck)
Wands
 o - a wand of roots (9)
 C - a wand of flame (15)
Scrolls
 e - 2 scrolls of fear {unknown}
 f - 5 scrolls of identify {unknown}
 l - 2 scrolls of fog {unknown}
 m - 2 scrolls of amnesia {unknown}
 p - a scroll of blinking {unknown}
 s - a scroll of immolation {unknown}
 t - a scroll of enchant armour {unknown}
 u - 3 scrolls of enchant weapon {unknown}
 x - a scroll of summoning {unknown}
 y - a scroll of magic mapping {unknown}
Potions
 b - a potion of magic
 d - a potion of ambrosia {unknown}
 g - 2 potions of attraction {unknown}
 h - a potion of heal wounds {unknown}
 i - a potion of haste {unknown}
 j - 4 potions of curing {unknown}
 k - 3 potions of brilliance {unknown}
 v - a potion of mutation {unknown}
 A - a potion of lignification {unknown}


   Skills:
 + Level 0.4 Fighting
 + Level 1.5 Short Blades
 + Level 0.3 Throwing
 * Level 4.1 Dodging
 + Level 4.0 Stealth
 * Level 5.8 Spellcasting
 * Level 2.3 Conjurations
 * Level 6.6 Necromancy
 * Level 2.1 Translocations


You had 9 spell levels left.
You knew the following spells:

 Your Spells              Type           Power      Damage    Failure   Level
a - Necrotise             Necr           100%       1d9       1%          1
b - Magic Dart            Conj           64%        1d6       3%          1
d - Vampiric Draining     Necr           35%        2d8       1%          3
t - Teleport Other        Tloc           15%        N/A       12%         3

Your spell library contained the following spells:

 Spells                   Type           Power      Damage    Failure   Level
 Lesser Beckoning         Tloc           30%        N/A       6%          2
 Animate Dead             Necr           35%        N/A       6%          4
 Gell's Gravitas          Tloc           15%        N/A       12%         3
 Agony                    Necr           35%        N/A       17%         5
 Spider Form              Tmut/Pois      6%         N/A       28%         3
 Cause Fear               Hex            3%         N/A       67%         4
 Summon Mana Viper        Hex/Summ       6%         N/A       95%         5


Dungeon Overview and Level Annotations

Branches:
Dungeon (5/15)
 Temple: D:4-7

Altars:
Dithmenos
Hepliaklqana
Okawaru
Qazlal
Trog
Vehumet
Zin

Shops:
D:2 =   D:4 (


Message History

The hound bites you but does no damage.
You hit the hound.
The hound is moderately wounded.
The hound misses you. The hound bites you but does no damage.
You hit the hound.
You feel better.
The hound is heavily wounded.
The hound bites you but does no damage.
You hit the hound.
The hound is heavily wounded.
The hound bites you.
You hit the hound but do no damage.
The hound is heavily wounded.
The hound bites you. The hound barely misses you.
Casting: Vampiric Draining (safe; 1% risk of failure)
Confirm with . or Enter, or press ? or * to list all spells.
Aiming: Vampiric Draining (safe; 1% risk of failure)
Press: ? - help, Shift-Dir - straight line, f - hound
Aim: a hound (heavily wounded)
You draw life force from the hound.
You feel life coursing into your body. The hound bites you but does no damage.
You hit the hound.
You feel better.
You kill the hound!
Vehumet accepts your kill.
You see here a hound corpse.
j - 4 bubbling blue potions (gained 1)
An ogre comes into view. It is wielding a +0 giant club.
The ogre shouts!
You hear a bark!
You completely miss the ogre.
A hound comes into view.
The ogre hits you with a +0 giant club!!
Ouch! That really hurt!
Casting: Vampiric Draining (safe; 1% risk of failure)
Confirm with . or Enter, or press ? or * to list all spells.
Aiming: Vampiric Draining (safe; 1% risk of failure)
Press: ? - help, Shift-Dir - straight line, f - ogre
Aim: an ogre, wielding a +0 giant club You draw life force from the ogre!
You feel life coursing into your body.
The ogre hits you with a +0 giant club!!
Ouch! That really hurt!
You die...

# ### . ..# .## #.#
..# #######.### #.###
#.........#
#...######.........#
#..........#####.#.#
#.#.######.# #.#
..#...# #.# #@#
#####.####.# #O#
..#......#.# #h.
..#..###.#.# ##..
.....# #...##### ...
.†...###............#
..#..>...#.######.#.#
........##.# .#.#
..#.###†##.#


You could see an ogre and a hound.

Vanquished Creatures
  A black bear (D:2)
  2 scorpions (D:5)
  A gnoll bouda (D:5)
  3 hounds
  A sleepcap (D:5)
  3 iguanas
  5 gnolls
  7 adders
  A worm (D:4)
  3 dart slugs
  9 orcs
  6 ball pythons
  4 bats
  4 endoplasms
  8 goblins
  4 hobgoblins
  A quokka (D:1)
  4 frilled lizards
  5 kobolds
  A rat (D:1)
73 creatures vanquished.

Notes
Turn   | Place    | Note
-------+----------+-------------------------------------------
     0 | D:1      | Esekla the Deep Elf Necromancer began the quest for the
                  | Orb.
     0 | D:1      | Reached XP level 1. HP: 10/10 MP: 6/6
    98 | D:1      | Reached skill level 5 in Necromancy
   239 | D:1      | Reached XP level 2. HP: 11/15 MP: 8/8
   452 | D:4      | Found a radiant altar of Vehumet.
   456 | D:4      | Became a worshipper of Vehumet
   953 | D:2      | Noticed a black bear
  1077 | D:3      | Reached XP level 3. HP: 19/19 MP: 9/9
  1081 | D:3      | Learned a level 3 spell: Vampiric Draining
  1611 | D:2      | Found Renulab's Jewellery Shop.
  1625 | D:2      | Reached XP level 4. HP: 20/24 MP: 3/11
  1938 | D:2      | Reached skill level 1 in Short Blades
  1938 | D:2      | Reached skill level 1 in Translocations
  1968 | D:2      | Found a faded altar of an unknown god.
  2023 | D:1      | Reached * piety under Vehumet
  2023 | D:1      | Offered knowledge of Magic Dart by Vehumet.
  2034 | D:1      | Learned a level 1 spell: Magic Dart
  2038 | D:1      | Learned a level 3 spell: Teleport Other
  2181 | D:2      | Killed a black bear
  2182 | D:2      | Reached XP level 5. HP: 26/28 MP: 5/13
  2365 | D:3      | Found a stormy altar of Qazlal.
  2385 | D:3      | Reached skill level 6 in Necromancy
  2531 | D:2      | Reached skill level 1 in Conjurations
  2630 | D:3      | Identified the +5 rapier of the Hero {heavy, rN+ Dex+3}
  2860 | D:3      | Found a hazy altar of Hepliaklqana.
  2860 | D:3      | Found a bloodstained altar of Trog.
  3029 | D:4      | Found Ponaysk's Antique Weapon Boutique.
  3117 | D:4      | Found an iron altar of Okawaru.
  3128 | D:4      | Found a glowing silver altar of Zin.
  3183 | D:4      | Reached XP level 6. HP: 33/33 MP: 14/14
  3239 | D:5      | Entered Level 5 of the Dungeon
  3283 | D:5      | Got the Parchment of the Lumpy Olives
  3330 | D:5      | Found a shadowy altar of Dithmenos.
  3454 | D:5      | Reached skill level 5 in Spellcasting
  3992 | D:5      | Reached XP level 7. HP: 36/37 MP: 12/17
  4126 | D:5      | Slain by an ogre

Illustrated notes

Levels and vault maps discovered:
D:1:      sevenhm_arrival_forest_fort_small_3, layout_rooms,
          chequers_serial_rivers_room_b, minmay_misc_feat_five
D:2:      layout_loops_ring, dreamdust_ecumenical_altar_angels_and_demons,
          serial_shops, shop
D:3:      layout_basic, grunt_temple_overflow_open, minmay_misc_feat_iff
D:4:      layout_basic, nicolae_overflow_quartered_altars, serial_shops,
          nicolae_diamond_shop
D:5:      layout_loops_ring, lemuel_doored_altar, minmay_misc_feat_rows,
          dreamdust_wishing_well

Skill      XL: |  1  2  3  4  5  6 |
---------------+-------------------+-----
Necromancy     | 5 6 |  6.6
Dodging        | 3 4 |  4.1
Stealth        | 3 4 |  4.0
Short Blades   | 1 |  1.5
Translocations | 1 2 |  2.1
Spellcasting   | 4 5 |  5.8
Conjurations   | 1 2 |  2.3
Fighting       | |  0.4
Throwing       | |  0.3

Action                     |  1- 3 |  4- 6 |  7- 9 || total
---------------------------+-------+-------+-------++-------
  Melee: Unarmed           |    12 |       |       ||    12
         Short sword       |    11 |       |       ||    11
         Dagger            |    78 |    60 |    32 ||   170
         Punch             |       |     3 |       ||     3
         Rapier            |       |    22 |       ||    22
  Throw: Dart              |       |     9 |       ||     9
   Cast: Vampiric Draining |     6 |    21 |     6 ||    33
   Stab: Sleeping          |     7 |     4 |       ||    11
 Armour: Robe              |     8 |    14 |    12 ||    34
  Dodge: Dodged            |    43 |    66 |    23 ||   132
